 Dungeon Crawl Stone Soup version 0.22.1-1-ga44c0e56f4 (webtiles) character file.

5149 Lisan the Grappler (level 10, -16/94 HPs)
             Began as a Troll Berserker on Oct 10, 2018.
             Was an Elder of Trog.
             Demolished by a death yak (24 damage)
             ... on level 8 of the Dungeon.
             The game lasted 00:22:53 (5542 turns).

Lisan the Grappler (Troll Berserker)                Turns: 5542, Time: 00:22:54

Health: -16/94     AC:  9    Str: 29    XL:     10   Next: 33%
Magic:  9/9        EV: 12    Int:  3    God:    Trog [****..]
Gold:   192        SH:  0    Dex: 10    Spells: 9/9 levels left

rFire    . . .     SeeInvis .     - Unarmed
rCold    . . .     Gourm    +   (no shield)
rNeg     + . .     Faith    +   y - +1 robe {rN+}
rPois    .         Spirit   .   (helmet restricted)
rElec    .         Reflect  .   h - +2 cloak
rCorr    +         Harm     .   (gloves unavailable)
MR       .....                  (boots unavailable)
Stlth    ++........             p - amulet of faith
HPRegen  0.65/turn              s - ring of resist corrosion
MPRegen  0.11/turn              (no ring)

@: berserk cooldown, slowed, drained, very slow
A: large, unfitting armour, claws 3, fast metabolism 3, gourmand, regeneration
1, shaggy fur 1, tough skin 2
a: Berserk, Trog's Hand, Brothers in Arms, Renounce Religion


You were on level 8 of the Dungeon.
You worshipped Trog.
Trog was greatly pleased with you.
You were not hungry.

You visited 1 branch of the dungeon, and saw 8 of its levels.

You collected 192 gold pieces.

Inventory:

Missiles
 B - 5 javelins of returning (quivered)
Armour
 a - a +0 animal skin
 d - a +0 robe of fire resistance
 h - a +2 cloak (worn)
 k - a +0 cloak
 y - a +1 robe of positive energy (worn)
Jewellery
 p - an amulet of faith (around neck)
 s - a ring of resist corrosion (left claw)
Wands
 t - a wand of paralysis (10)
 C - a wand of iceblast (8)
Scrolls
 i - 2 scrolls of teleportation {unknown}
 j - 3 scrolls of amnesia {unknown}
 m - 3 scrolls of remove curse
 q - a scroll of blinking {unknown}
 r - 2 scrolls of enchant weapon {unknown}
 u - 2 scrolls of noise {unknown}
 v - a scroll of fear {unknown}
 z - a scroll of enchant armour {unknown}
 A - a scroll of fog {unknown}
Potions
 c - a potion of degeneration {unknown}
 e - a potion of ambrosia
 f - a potion of heal wounds {unknown}
 g - 2 potions of invisibility
 l - 3 potions of agility
 n - a potion of haste {unknown}
 o - 5 potions of curing
 w - a potion of berserk rage {unknown}
 x - a potion of brilliance {unknown}
 D - a potion of resistance {unknown}
Comestibles
 b - 12 rations
 E - 3 chunks of flesh


   Skills:
 + Level 4.8(4.6) Fighting
 + Level 1.4(1.2) Throwing
 + Level 6.6(6.4) Dodging
 + Level 2.1(2.0) Stealth
 + Level 11.9(11.7) Unarmed Combat


You had 9 spell levels left.
You didn't know any spells.
Your spell library was empty.

Dungeon Overview and Level Annotations

Branches:
Dungeon (8/15)             Temple (0/1) D:4            Lair (0/6) D:8

Altars:
Ashenzari
Gozag
Makhleb
Okawaru
Qazlal
Trog
Zin
The Shining One


Innate Abilities, Weirdness & Mutations

You are too large for most types of armour.
You have claws for hands.
Your metabolism is lightning-fast.
You like to eat raw meat.
Your natural rate of healing is unusually fast.
You are covered in fur. (AC +1)
You have very tough skin. (AC +2)


Message History

The death yak is moderately wounded.
The quokka bites you but does no damage.
You mangle the death yak!!
The death yak is severely wounded.
The hell rat closely misses you. The death yak gores you!
* * * LOW HITPOINT WARNING * * *
The quokka closely misses you.
The death yak gores you but does no damage.
You mangle the death yak!!
You kill the death yak!
Trog accepts your kill.
You are no longer berserk.
You are exhausted.
You feel yourself slow down. The hell rat bites you!
* * * LOW HITPOINT WARNING * * *
You partially resist.
You feel drained.
* * * LOW HITPOINT WARNING * * *
You barely miss the porcupine. The quokka closely misses you.
The death yak gores you!!
You die...

.........#
>.......#
.......# ..
.###......# ...
..........####..
..............#
......$.......#
#./.Yrr.....#
#..#rr@......#
#....)....#
#.........#
#.........#
#.........#
#.........#
#.........######
#..............#
......
#..............#


You could see a death yak, a hell rat, a porcupine, a quokka and a rat.

Vanquished Creatures
  A two-headed ogre (D:8)
  2 death yaks (D:8)
  Pikel (D:7)
  Prince Ribbit (D:7)
  Sigmund (D:4)
  Edmund (D:6)
  Duvessa (D:6)
  A slave (D:7)
  2 porcupines (D:8)
  A sky beast (D:8)
  2 ice beasts
  2 orc warriors
  3 eyes of draining (D:5)
  A black bear (D:6)
  An ogre (D:7)
  A centaur (D:7)
  A bullfrog (D:8)
  Dowan (D:6)
  7 wights (D:7)
  2 crimson imps
  2 hounds (D:5)
  An orc priest (D:7)
  2 jellies
  2 orc wizards
  An iguana (D:5)
  Natasha (thrice) (D:4)
  3 worker ants
  A worker ant zombie (D:8)
  8 adders
  4 gnolls (D:5)
  A river rat (D:8)
  An ooze (D:6)
  A worm (D:3)
  A dart slug (D:3)
  6 leopard geckos
  17 orcs
  8 bats
  5 giant cockroaches
  3 goblins (D:1)
  5 hobgoblins
  4 jackals
  4 quokkas
  A ball python (D:3)
  7 frilled lizards
  A jackal zombie (D:6)
  10 kobolds
  22 rats
  8 bushes (D:4)
165 creatures vanquished.

Vanquished Creatures (others)
  A leopard gecko (D:7)
1 creature vanquished.

Grand Total: 166 creatures vanquished

Notes
Turn   | Place    | Note
-------+----------+-------------------------------------------
     0 | D:1      | Lisan the Troll Berserker began the quest for the Orb.
     0 | D:1      | Reached XP level 1. HP: 22/22 MP: 0/0
   129 | D:1      | Reached XP level 2. HP: 19/29 MP: 1/1
   377 | D:1      | Reached ** piety under Trog
   377 | D:1      | Reached XP level 3. HP: 36/36 MP: 2/2
   928 | D:2      | Reached skill level 4 in Unarmed Combat
   990 | D:2      | Found a burning altar of Makhleb.
  1001 | D:2      | Noticed a balrug
  1100 | D:2      | Found a glowing silver altar of Zin.
  1100 | D:2      | Found an opulent altar of Gozag.
  1239 | D:3      | Reached XP level 4. HP: 44/44 MP: 3/3
  1256 | D:3      | Found a shattered altar of Ashenzari.
  1485 | D:3      | Reached XP level 5. HP: 52/52 MP: 4/4
  1955 | D:4      | Noticed Natasha
  1958 | D:4      | Found an iron altar of Okawaru.
  1976 | D:4      | Killed Natasha
  2097 | D:4      | Found a glowing golden altar of the Shining One.
  2114 | D:4      | Noticed Natasha
  2132 | D:4      | Killed Natasha
  2132 | D:4      | Reached skill level 5 in Unarmed Combat
  2454 | D:4      | Noticed Natasha
  2462 | D:4      | Killed Natasha
  2462 | D:4      | Reached *** piety under Trog
  2548 | D:4      | Noticed Sigmund
  2554 | D:4      | Killed Sigmund
  2554 | D:4      | Reached XP level 6. HP: 61/61 MP: 5/5
  2618 | D:4      | Found a staircase to the Ecumenical Temple.
  2885 | D:5      | Entered Level 5 of the Dungeon
  3024 | D:5      | Reached skill level 6 in Unarmed Combat
  3078 | D:5      | Reached XP level 7. HP: 67/67 MP: 6/6
  3450 | D:5      | Found a bloodstained altar of Trog.
  3463 | D:5      | Reached skill level 7 in Unarmed Combat
  3533 | D:6      | Noticed Dowan
  3534 | D:6      | Noticed Duvessa
  3538 | D:6      | Killed Dowan
  3538 | D:6      | Reached skill level 1 in Stealth
  3538 | D:6      | Reached XP level 8. HP: 75/75 MP: 7/7
  3554 | D:6      | Killed Duvessa
  3554 | D:6      | Reached skill level 5 in Dodging
  3718 | D:6      | Noticed Edmund
  3733 | D:6      | Killed Edmund
  4083 | D:6      | Reached skill level 8 in Unarmed Combat
  4285 | D:6      | Found a stormy altar of Qazlal.
  4300 | D:6      | Received a gift from Trog
  4545 | D:7      | Reached skill level 9 in Unarmed Combat
  4663 | D:7      | Reached XP level 9. HP: 81/84 MP: 8/8
  4753 | D:7      | Noticed Prince Ribbit
  4754 | D:7      | Noticed Pikel
  4764 | D:7      | Killed Pikel
  4793 | D:7      | Killed Prince Ribbit
  4793 | D:7      | Reached skill level 10 in Unarmed Combat
  4842 | D:7      | Reached **** piety under Trog
  5217 | D:8      | Noticed a two-headed ogre
  5228 | D:8      | Killed a two-headed ogre
  5228 | D:8      | Reached skill level 1 in Throwing
  5228 | D:8      | Reached skill level 11 in Unarmed Combat
  5517 | D:8      | Noticed a death yak
  5520 | D:8      | Found a staircase to the Lair.
  5521 | D:8      | Noticed a death yak
  5521 | D:8      | Noticed a death yak
  5531 | D:8      | Killed a death yak
  5531 | D:8      | Reached XP level 10. HP: 88/94 MP: 9/9
  5541 | D:8      | Killed a death yak
  5542 | D:8      | Demolished by a death yak

Skill      XL: |  1  2  3  4  5  6  7  8  9 |
---------------+----------------------------+-----
Dodging        | 3 4 5 6 |  6.6
Unarmed Combat | 4 5 6 7 9 11 | 11.9
Fighting       | 3 4 |  4.8
Stealth        | 1 2 |  2.1
Throwing       | 1 |  1.4

Action                   |  1- 3 |  4- 6 |  7- 9 | 10-12 || total
-------------------------+-------+-------+-------+-------++-------
Melee: Unarmed           |   125 |   345 |   197 |    10 ||   677
       Punch             |     1 |    10 |     3 |       ||    14
Throw: Javelin           |       |       |     4 |       ||     4
Invok: Berserk           |       |       |     2 |       ||     2
       Trog's Hand       |       |       |     1 |       ||     1
  Use: Scroll            |       |     3 |     1 |       ||     4
       Potion            |       |     1 |       |       ||     1
 Stab: Sleeping          |       |       |     1 |       ||     1
  Eat: Chunk             |    17 |    15 |    20 |       ||    52
Armor: Animal skin       |    13 |       |       |       ||    13
       Robe              |    82 |    94 |    68 |     4 ||   248
Dodge: Dodged            |   111 |   144 |   112 |    10 ||   377
